Map: Thunderbird LE

Players

LiquidSnute (Snute)

  • Race: Zerg Zerg
  • League: Grandmaster
  • Spawn Location: 5:00

GOReynor (Reynor) - Winner!

  • Race: Zerg Zerg
  • League: Master
  • Spawn Location: 11:00

Event: NationWars 2019

VOD

Have the link to the VOD?

Description

Time

  • Played on: Oct. 10, 2019, 12:28 p.m.
  • Length: 19:36

All games in this series

Show
View Real Time Build Order
Export as new Build Order

LiquidSnute Zerg 

Build Orders: Hatch First 

Get SALT Encoding   

  12  0:00  Drone  
  13  0:12  Overlord  
  13  0:16  Drone  
  14  0:30  Drone x2  
  14  0:34  Drone  
  17  0:52  Hatchery  
  17  0:54  Drone  
  17  0:57  Drone  
  18  1:07  Extractor  
  17  1:12  Spawning Pool  
  17  1:14  Drone  
  17  1:18  Drone  
  18  1:28  Drone  
  19  1:38  Overlord  
  19  1:49  Drone  
  20  1:58  Queen  
  20  2:00  Drone  
  23  2:03  Queen  
  23  2:04  Drone  
  26  2:09  Metabolic Boost  
  26  2:11  Drone  
  26  2:15  Drone  
  28  2:25  Drone, Zergling x2  
  30  2:32  Hatchery  
  30  2:36  Zergling x4  
  31  2:47  Overlord  
  31  2:48  Drone  
  31  2:50  Queen  
  34  2:55  Drone  
  35  2:59  Overlord  
  35  3:07  Zergling x8  
  35  3:09  Zergling x2  
  40  3:13  Drone x3  
  40  3:17  Overlord  
  43  3:22  Overlord  
  43  3:28  Drone  
  43  3:31  Queen  
  46  3:34  Drone  
  46  3:39  Drone  
  48  3:43  Drone  
  48  3:45  Drone x4  
  50  3:51  Drone  
  50  3:54  Extractor  
  50  3:58  Queen  
  50  3:59  Drone x2  
  50  4:00  Drone x3  
  57  4:04  Evolution Chamber  
  57  4:06  Roach Warren  
  55  4:10  Evolution Chamber  
  55  4:16  Drone x4  
  58  4:18  Drone  
  58  4:20  Drone  
  58  4:21  Extractor  
  58  4:24  Drone x2  
  61  4:27  Drone x2  
  61  4:29  Drone x2  
  65  4:36  Drone x3  
  65  4:37  Drone  
  66  4:40  Extractor  
  66  4:43  Drone x2  
  68  4:45  Drone x2  
  68  4:47  Zerg Missile Weapons Level 1  
  68  4:48  Overlord  
  68  4:49  Drone  
  70  4:53  Drone  
  70  4:56  Lair  
  70  4:59  Drone  
  72  5:05  Overlord  
  72  5:06  Drone  
  73  5:07  Drone  
  73  5:08  Drone x2, Extractor  
  73  5:11  Hatchery  
  74  5:17  Drone x4  
  74  5:21  Drone, Extractor  
  79  5:22  Overlord  
  78  5:31  Overlord  
  78  5:32  Roach x3  
  78  5:34  Zerg Ground Armor Level 1  
  84  5:37  Roach x3  
  84  5:39  Overlord x2  
  88  5:45  Roach  
  88  5:48  Roach x4  
  98  5:51  Queen  
  98  5:54  Glial Reconstitution  
  100  6:00  Overlord  
  100  6:01  Roach, Pneumatized Carapace  
  100  6:02  Roach  
  100  6:03  Roach  
  100  6:04  Overseer  
  106  6:11  Roach x4  
  114  6:14  Ravager x2  
  114  6:15  Overlord  
  114  6:16  Drone x2  
  118  6:21  Drone x5  
  118  6:22  Drone  
  118  6:25  Roach  
  126  6:26  Roach  
  126  6:27  Ravager x2  
  126  6:29  Ravager  
  126  6:31  Roach  
  133  6:34  Overlord x2  
  133  6:37  Roach x2  
  137  6:41  Drone x4  
  137  6:44  Zerg Missile Weapons Level 2  
  137  6:46  Overlord  
  141  6:48  Overlord  
  141  6:54  Roach x2, Infestation Pit  
  140  6:59  Extractor  
  140  7:00  Roach x4  
  151  7:06  Overseer  
  151  7:08  Roach x4  
  159  7:13  Roach x2  
  159  7:14  Roach x2  
  167  7:22  Overlord x2  
  167  7:23  Overlord  
  167  7:29  Zerg Ground Armor Level 2, Overlord  
  167  7:41  Roach x9  
  181  7:56  Roach x11  
  198  8:05  Spore Crawler  
  197  8:06  Roach  
  197  8:17  Hatchery  
  176  8:21  Roach x12  
  168  8:29  Roach  
  152  8:36  Roach x4  
  152  8:40  Roach x3  
  146  8:44  Roach x5  
  146  8:46  Roach  
  136  8:50  Roach  
  136  8:54  Queen  
  141  8:55  Ravager x2  
  141  8:56  Ravager x2  
  141  8:58  Roach x3  
  150  9:05  Roach x4  
  150  9:07  Overseer  
  156  9:13  Roach x3  
  156  9:14  Roach  
  164  9:22  Roach x5  
  164  9:23  Queen  
  176  9:24  Queen x2  
  176  9:30  Roach x4  
  176  9:31  Roach  
  190  9:42  Roach x6  
  200  9:52  Overlord x2  
  199  10:11  Ravager  
  198  10:25  Hatchery  
  198  10:28  Ravager x3  
  192  10:34  Hydralisk Den  
  191  10:36  Spore Crawler, Roach x4  
  191  10:41  Hive  
  198  10:43  Hydralisk Den  
  198  10:48  Spine Crawler  
  198  10:49  Spine Crawler, Extractor  
  194  10:52  Spine Crawler  
  194  10:53  Overseer x2  
  194  10:55  Ravager  
  194  10:56  Ravager  
  195  11:07  Roach x2  
  199  11:16  Lurker Den  
  195  11:25  Drone x6  
  200  11:28  Spine Crawler  
  200  11:30  Spine Crawler  
  198  11:45  Grooved Spines  
  192  11:50  Ravager x4  
  192  11:51  Ravager x2  
  198  11:55  Zerg Missile Weapons Level 3, Zerg Ground Armor Level 3  
  198  11:59  Spine Crawler  
  197  12:01  Spore Crawler  
  197  12:05  Roach x2  
  200  12:12  Overseer  
  198  12:25  Overseer, Hydralisk x3  
  196  12:41  Viper  
  196  12:43  Adaptive Talons  
  195  12:54  Lurker  
  195  12:56  Muscular Augments  
  195  12:57  Viper  
  198  13:01  Lurker x2  
  200  13:10  Burrow  
  200  13:11  Spore Crawler x2, Overseer  
  198  13:14  Overseer x4  
  194  13:30  Hydralisk x3  
  200  13:35  Hatchery  
  200  13:40  Hydralisk x4  
  199  13:50  Hydralisk x2  
  188  13:55  Hydralisk x3  
  188  13:56  Hydralisk x3  
  161  14:12  Hydralisk x13  
  161  14:15  Roach x2  
  147  14:19  Roach x3  
  147  14:20  Drone x10  
  147  14:21  Drone x2  
  165  14:25  Roach x4  
  173  14:32  Hatchery  
  173  14:33  Roach x6  
  184  14:41  Roach x6  
  170  14:57  Roach x8  
  178  15:00  Lurker  
  178  15:02  Lurker  
  170  15:12  Roach x4  
  176  15:15  Extractor  
  176  15:20  Spore Crawler  
  174  15:23  Lurker x2  
  174  15:27  Roach  
  172  15:41  Lurker x2, Overlord x2  
  156  15:56  Roach x13  
  156  15:57  Roach x2  
  174  16:07  Roach x5  
  180  16:20  Roach x5  
  187  16:27  Lurker x3  
  184  16:36  Overseer  
  184  16:46  Roach x4  
  181  16:53  Overlord  
  148  17:04  Roach x10  
  140  17:11  Roach x3  
  134  17:19  Hydralisk x2  
  134  17:20  Hydralisk  
  140  17:27  Roach x2  
  140  17:28  Roach  
  134  17:32  Roach  
  134  17:33  Roach  
  120  17:45  Lurker x3  
  123  17:57  Hydralisk x2  
  127  17:59  Hatchery  
  126  18:07  Hydralisk x2  
  130  18:13  Ravager  
  130  18:14  Ravager  
  130  18:17  Viper x2  
  130  18:18  Viper  
  141  18:30  Lurker x2  
  141  18:31  Hydralisk x2  
  147  18:40  Lurker  
  147  18:41  Hydralisk x5  
  141  18:51  Hydralisk x2  
  132  19:02  Roach x3  
Show
View Real Time Build Order
Export as new Build Order

GOReynor Zerg - Winner!

Build Orders: Hatch First, Lurkers 

Get SALT Encoding   

  12  0:00  Drone  
  13  0:12  Overlord  
  13  0:16  Drone  
  14  0:30  Drone x2  
  16  0:47  Hatchery  
  15  0:50  Drone  
  15  0:54  Drone  
  17  0:58  Drone  
  18  1:09  Extractor  
  17  1:13  Spawning Pool  
  17  1:16  Drone  
  17  1:19  Drone  
  18  1:27  Drone  
  19  1:38  Drone  
  20  1:50  Drone  
  21  2:00  Queen x2, Overlord  
  26  2:01  Zergling x2  
  26  2:10  Drone x2  
  26  2:13  Metabolic Boost  
  28  2:20  Drone  
  28  2:21  Drone  
  30  2:32  Hatchery  
  30  2:34  Drone  
  30  2:38  Drone  
  31  2:44  Baneling Nest  
  31  2:47  Drone  
  31  2:48  Drone  
  32  2:52  Overlord  
  32  2:54  Drone  
  33  3:03  Drone  
  34  3:06  Drone  
  34  3:09  Drone  
  34  3:11  Zergling x4  
  34  3:12  Zergling x2  
  39  3:14  Drone  
  39  3:15  Drone  
  39  3:18  Zergling x2, Evolution Chamber  
  41  3:21  Overlord  
  41  3:29  Drone  
  41  3:31  Drone  
  41  3:32  Baneling  
  43  3:39  Baneling x2  
  43  3:40  Zergling x6  
  46  3:43  Zergling x4  
  46  3:44  Zergling x4  
  46  3:45  Drone x2  
  50  3:48  Queen  
  50  3:53  Drone  
  50  3:54  Drone  
  54  3:56  Zerg Missile Weapons Level 1  
  54  3:59  Overlord  
  54  4:05  Drone x3  
  57  4:16  Overlord  
  57  4:18  Drone x2  
  57  4:19  Drone x2  
  57  4:21  Drone  
  62  4:26  Drone x2  
  62  4:34  Drone  
  62  4:35  Roach Warren  
  62  4:36  Lair  
  62  4:37  Drone  
  62  4:38  Drone x2  
  63  4:43  Extractor x2  
  63  4:44  Drone x3  
  65  4:49  Drone x5  
  65  4:51  Overlord  
  70  4:58  Drone  
  70  4:59  Pneumatized Carapace  
  71  5:00  Extractor x2  
  71  5:01  Drone x2  
  71  5:07  Drone x3  
  71  5:13  Overlord  
  74  5:14  Extractor  
  74  5:20  Drone x3  
  76  5:26  Roach x3  
  82  5:29  Overlord  
  82  5:32  Roach x3  
  82  5:34  Drone  
  82  5:35  Drone  
  90  5:36  Overlord  
  90  5:38  Overseer  
  89  5:43  Overlord  
  89  5:46  Overlord  
  89  5:49  Drone x2  
  91  5:50  Roach x2  
  91  5:51  Zerg Missile Weapons Level 2, Glial Reconstitution  
  91  5:52  Evolution Chamber  
  91  5:53  Drone  
  91  5:56  Roach x2  
  99  6:00  Overlord  
  99  6:03  Roach x2  
  103  6:06  Hatchery, Roach x3  
  103  6:10  Overlord  
  108  6:13  Overseer  
  108  6:18  Zerg Ground Armor Level 1  
  108  6:28  Overlord x2  
  108  6:29  Roach x7  
  122  6:34  Roach x3  
  128  6:43  Overlord  
  128  6:48  Roach x3  
  128  6:49  Roach x2  
  128  6:53  Overlord  
  138  6:56  Roach, Ravager x2  
  138  6:57  Roach  
  138  6:59  Overlord  
  138  7:00  Drone  
  146  7:01  Drone x3  
  146  7:02  Ravager  
  146  7:03  Roach x2  
  153  7:09  Overlord  
  153  7:14  Roach x3  
  159  7:17  Burrow  
  159  7:19  Roach x4  
  159  7:20  Spore Crawler  
  166  7:25  Overlord  
  166  7:26  Tunneling Claws  
  166  7:28  Extractor, Queen  
  167  7:30  Roach x2  
  167  7:32  Ravager  
  167  7:34  Roach x2  
  176  7:41  Roach x3  
  182  7:49  Ravager  
  182  7:50  Ravager  
  178  7:53  Roach x4  
  186  8:00  Roach x2  
  186  8:01  Overlord x3  
  186  8:04  Infestation Pit  
  189  8:15  Roach x2  
  189  8:18  Roach x3  
  187  8:23  Roach x7  
  187  8:25  Roach  
  197  8:31  Roach x2  
  197  8:33  Roach x3  
  177  8:37  Roach x4  
  177  8:38  Roach x4  
  169  8:44  Roach x19  
  169  8:48  Roach x2  
  171  8:53  Hive, Roach x3  
  171  8:54  Ravager x2  
  171  8:56  Roach x2  
  171  8:58  Roach x3  
  171  9:01  Drone x3  
  171  9:02  Drone  
  179  9:05  Roach  
  179  9:06  Roach  
  179  9:07  Ravager  
  179  9:08  Ravager  
  182  9:11  Roach x2  
  182  9:14  Roach x4  
  184  9:19  Roach x3  
  189  9:28  Roach x5  
  199  9:33  Ravager  
  199  9:35  Roach  
  200  9:43  Zerg Ground Armor Level 2  
  197  10:01  Drone x3, Hatchery, Extractor, Hydralisk Den  
  195  10:12  Roach x3  
  199  10:15  Zerg Missile Weapons Level 3  
  199  10:18  Roach x2  
  199  10:35  Muscular Augments  
  199  10:37  Lurker Den  
  198  10:49  Roach x7  
  198  10:58  Spore Crawler x2  
  198  10:59  Spore Crawler x2  
  194  11:06  Hydralisk  
  194  11:07  Hydralisk  
  196  11:28  Viper x2  
  198  11:33  Spore Crawler  
  195  11:42  Drone x2  
  181  11:51  Viper  
  181  11:52  Viper  
  183  11:54  Roach x19  
  183  12:05  Hydralisk x3  
  183  12:06  Lurker x2, Adaptive Talons  
  183  12:08  Hydralisk x3  
  193  12:10  Roach  
  199  12:21  Hydralisk x2  
  196  12:26  Roach x15  
  196  12:27  Hydralisk  
  196  12:28  Hydralisk x2  
  196  12:38  Roach  
  196  12:39  Roach  
  200  12:53  Roach x14  
  200  12:54  Extractor x2  
  192  13:01  Lurker x7  
  192  13:04  Overseer  
  199  13:15  Zerg Ground Armor Level 3  
  199  13:22  Roach x14  
  199  13:41  Overseer  
  194  13:43  Hydralisk x7  
  200  13:57  Overseer  
  188  14:06  Roach x11  
  188  14:08  Roach x9  
  193  14:11  Hydralisk x9  
  193  14:15  Roach x11  
  199  14:20  Roach x10  
  199  14:22  Roach x3  
  200  14:32  Overlord x3  
  200  14:34  Grooved Spines  
  200  14:36  Overseer  
  200  14:37  Overseer  
  200  14:42  Hydralisk x3  
  180  14:54  Lurker x2  
  180  14:55  Lurker, Hydralisk x10  
  195  15:02  Hydralisk  
  195  15:03  Viper x2  
  184  15:13  Lurker x3  
  183  15:14  Roach x8  
  183  15:20  Drone  
  200  15:22  Spore Crawler  
  200  15:27  Spine Crawler  
  181  15:29  Spine Crawler, Hydralisk  
  181  15:30  Hydralisk x10  
  181  15:35  Lurker x3  
  187  15:36  Roach x6  
  191  15:47  Hydralisk x7  
  177  15:50  Roach x7  
  177  15:55  Roach x3  
  172  15:58  Lurker  
  167  16:04  Hydralisk x3  
  167  16:08  Lurker x2  
  165  16:12  Lurker x2  
  163  16:22  Hydralisk x3  
  167  16:25  Overseer  
  167  16:26  Overseer  
  163  16:36  Lurker  
  163  16:37  Lurker x2  
  163  16:38  Roach x2  
  145  16:48  Roach  
  145  16:50  Overlord  
  145  16:53  Hydralisk x4  
  147  17:00  Hydralisk x2  
  152  17:06  Hydralisk x2  
  121  17:14  Hydralisk x3  
  111  17:22  Hydralisk x2  
  108  17:28  Hydralisk x2  
  99  17:31  Hydralisk  
  87  17:42  Hydralisk x3  
  91  17:45  Lurker x2  
  91  17:50  Lurker x2  
  95  17:54  Lurker x2  
  95  17:58  Hydralisk  
  97  18:03  Lurker x2  
  97  18:05  Hydralisk  
  101  18:07  Overseer  
  101  18:10  Hydralisk x2  
  107  18:15  Hydralisk x2  
  111  18:21  Hydralisk x2  
  115  18:28  Hydralisk x2  
  119  18:45  Drone x2  
  119  18:46  Hydralisk  
  119  18:47  Hydralisk  
  125  18:49  Lurker x2  
  125  18:55  Hatchery, Hydralisk x2  
  125  18:59  Hydralisk  
  126  19:06  Hydralisk x2  
  130  19:17  Drone  
Tags
 
Add a new tag
Caveats
  • Supply blocks, unpowered buildings, or Contaminate may cause inaccurate times.
  • Supply counts are checked every 10 seconds.